cohdb
Replays
Latest Replays
All Replays
Popular Replays
Top Player Replays
Match Explorer
How It Works
Community
CoH3 Stats
Reddit
Sign in to upload your games and track your stats! →
Sign in with Steam
Match 47337456
Unlisted
Match 47337456
Overview
Messages
Build Orders
End
Selects Luftwaffe Battlegroup
Selects Luftwaffe Pioneer Support
Fallschirmpioneer Squad Paradrop
Kettenkrad Recon Vehicle
Construct Infanterie Kompanie
Grenadier Squad
MG 42 Machine Gun Team
Construct Luftwaffe Kompanie
Jäger Squad
Selects LG40 Recoilless Gun Paradrop
Flak 30 Anti-aircraft Gun Team
Jäger Squad
Selects Flak 36 Anti-tank Gun Emplacement
Support Elements
Selects Reconnaissance Run
Reconnaissance Run
Wirbelwind Flakpanzer
Selects Fallschirmjäger Squad Paradrop
Reconnaissance Run
Wirbelwind Flakpanzer
Selects Fragmentation Bombs
Medical Bunker
Airandfelt
Klaus The Mouth
0
0
Comments
sign in to comment!
No comments posted yet!